 Dungeon Crawl Stone Soup version 0.29.1-15-g9cfb28693d (webtiles) character file.

Game seed: 17342120702527865072

10111 jfcaron the Cleaver (level 11, -2/99 HPs)
             Began as a Minotaur Fighter on Apr 13, 2023.
             Was an Elder of Yredelemnul.
             Killed from afar by an electric eel (10 damage)
             ... with a bolt of electricity
             ... on level 11 of the Dungeon.
             The game lasted 00:27:24 (10142 turns).

jfcaron the Cleaver (Minotaur Fighter)             Turns: 10142, Time: 00:27:26

Health: -2/99      AC: 20    Str: 25    XL:     11   Next: 31%
Magic:  14/14      EV:  7    Int:  5    God:    Yredelemnul [****..]
Gold:   958        SH:  7    Dex: 16    Spells: 10/10 levels left

rFire   . . .      SeeInvis .   a - +0 war axe
rCold   . . .      Faith    .   c - +0 buckler
rNeg    . . .      Spirit   .   K - +0 plate armour
rPois   .          Reflect  .   Q - +2 hat
rElec   .          Harm     .   k - +1 cloak
rCorr   +          Rampage  .   q - +0 pair of gloves
Will    .....                   (no boots)
Stlth   ..........              (no amulet)
HPRegen 0.26/turn               u - +6 ring of dexterity
MPRegen 0.14/turn               J - ring of resist corrosion

@: no status effects
A: horns 2, retaliatory headbutt
a: Renounce Religion, Recall Undead Harvest, Dark Bargain, Drain Life


You were on level 11 of the Dungeon.
You worshipped Yredelemnul.
Yredelemnul was noncommittal.
You visited 1 branch of the dungeon, and saw 11 of its levels.

You collected 958 gold pieces.

Inventory:

Hand Weapons
 a - a +0 war axe (weapon)
 t - a +0 dagger of electrocution
 M - a +3 hand axe of flaming
 N - a +0 morningstar
Armour
 c - a +0 buckler (worn)
 k - a +1 cloak (worn)
 o - a +0 leather armour of cold resistance
 q - a +0 pair of gloves (worn)
 K - a +0 plate armour (worn)
 Q - a +2 hat (worn)
Magical Staves
 F - a staff of fire
Jewellery
 r - an amulet of faith
 u - a +6 ring of dexterity (left hand)
 H - the ring of Offew {rPois Will- Dex+4 Slay+4 SInv}
   (You found it on level 7 of the Dungeon)

   [ring of slaying]

   Dex:       It affects your dexterity (+4).
   Slay:      It affects your accuracy & damage with ranged weapons and melee
   (+4).
   rPois:     It protects you from poison.
   SInv:      It lets you see invisible.
   Will:      It decreases your willpower.
 J - a ring of resist corrosion (right hand)
Wands
 b - a wand of digging (4)
 d - a wand of mindburst (14)
 E - a wand of charming (14)
 I - a wand of light (9)
 O - a wand of roots (3)
 P - a wand of flame (5)
Scrolls
 h - a scroll of enchant weapon {unknown}
 i - 5 scrolls of immolation {unknown}
 j - a scroll of vulnerability {unknown}
 m - 2 scrolls of butterflies {unknown}
 p - a scroll of magic mapping {unknown}
 s - 2 scrolls of fear {unknown}
 w - 3 scrolls of noise {unknown}
 y - 4 scrolls of teleportation
 C - 2 scrolls of poison {unknown}
 L - 2 scrolls of blinking {unknown}
Potions
 e - 3 potions of attraction
 f - a potion of mutation {unknown}
 g - 4 potions of curing
 l - a potion of resistance {unknown}
 n - 3 potions of brilliance
 v - 3 potions of heal wounds
 x - a potion of degeneration {unknown}
 z - a potion of magic {unknown}
 A - a potion of might
 B - 2 potions of haste
 D - 4 potions of flight
 G - a potion of cancellation {unknown}


   Skills:
 + Level 9.8 Fighting
 * Level 12.9 Axes
 + Level 9.7 Armour
 + Level 9.7 Shields
 + Level 6.1 Invocations


You had 10 spell levels left.
You didn't know any spells.
Your spell library contained the following spells:

 Spells                   Type           Power      Damage    Failure   Level
 Apportation              Tloc           0%         N/A       100%        1
 Magic Dart               Conj           0%         1d3       100%        1
 Necrotise                Necr           0%         1d4       100%        1
 Summon Small Mammal      Summ           0%         N/A       100%        1
 Call Imp                 Summ           0%         N/A       100%        2
 Dazzling Flash           Conj/Hex       0%         N/A       100%        3
 Gell's Gravitas          Tloc           0%         N/A       100%        3
 Lesser Beckoning         Tloc           0%         N/A       100%        3
 Mephitic Cloud           Conj/Pois/Air  0%         N/A       100%        3
 Teleport Other           Tloc           0%         N/A       100%        3
 Agony                    Necr           0%         N/A       100%        5
 Silence                  Hex/Air        0%         N/A       100%        5
 Dispersal                Tloc           0%         N/A       100%        6


Dungeon Overview and Level Annotations

Branches:
Dungeon (11/15)            Temple (0/1) D:4            Lair (0/5) D:9
    Orc: D:9-12

Altars:
Ashenzari
Cheibriados
Fedhas
Gozag
Hepliaklqana
Kikubaaqudgha
Makhleb
Qazlal
Trog
Vehumet
Wu Jian
Yredelemnul
Zin
The Shining One

Shops:
D:2 [


Innate Abilities, Weirdness & Mutations

You have a pair of horns on your head.
You reflexively headbutt those who attack you in melee.


Message History

The bolt of electricity hits the electric eel.
The electric eel completely resists.
The bolt of electricity hits you.
Aiming: Throw Flame
Press: ? - help, Shift-Dir - straight line, f - electric eel
Aim: an electric eel (water, 48% to hit)
Okay, then.
The electric eel shoots out a bolt of lightning at you!
The bolt of electricity hits you!
The electric eel shoots out a bolt of lightning at you!
The bolt of electricity hits you!
Aiming: Throw Flame
Press: ? - help, Shift-Dir - straight line, f - electric eel, p - electric eel
Aim: an electric eel (water, 48% to hit)
The puff of flame misses the electric eel.
The electric eel shoots out a bolt of lightning at your troll zombie!
The bolt of electricity hits your troll zombie!
The bolt of electricity hits you!
The electric eel shoots out a bolt of lightning at you!
The bolt of electricity hits you.
* * * LOW HITPOINT WARNING * * *
The electric eel is engulfed in a cloud of scalding steam.
The electric eel shoots out a bolt of lightning at you!
The bolt of electricity hits the electric eel.
The electric eel completely resists.
The bolt of electricity hits you!
* * * LOW HITPOINT WARNING * * *
You swap places.
The electric eel is engulfed in a cloud of scalding steam.
The electric eel shoots out a bolt of lightning at you!
The bolt of electricity hits your troll zombie!
The bolt of electricity hits your gnoll zombie!
The bolt of electricity hits you!
* * * LOW HITPOINT WARNING * * *
The bolt of electricity hits your yak zombie!
You swap places.
The electric eel is engulfed in a cloud of scalding steam.
The electric eel shoots out a bolt of lightning at you!
The bolt of electricity hits your gnoll zombie! x2
The bolt of electricity hits you!
You die...
Your body rises from the dead as a mindless zombie.

##########.....))..#
#..........#......)).#
#..........#...(.Z)).#
#..........#.....Z...#
###..........#######.####
#............#...........
#............#...........
#.......>................
#......Z@................
#........#####...........
#.....ZZZ# #...........
#...Z.Z..# #...........
##.Z.....# ############
#!Z.....# ≈≈SZ~§≈~~≈
≈≈SS≈≈≈≈≈≈ ≈≈§≈≈≈≈≈≈≈≈


You could see 3 electric eels, 3 friendly yak zombies, 3 friendly gnoll zombies,
a friendly gnoll sergeant zombie, a friendly orc warrior zombie and a friendly
troll zombie.

Vanquished Creatures
  A two-headed ogre (D:9)
  2 deep elf pyromancers (D:10)
  Maurice (D:8)
  An unseen horror (D:9)
  2 trolls
  A hornet (D:9)
  A shadow (D:10)
  2 wraiths
  2 wyverns
  9 yaks
  3 steam dragons
  2 water moccasins
  10 orc warriors
  4 ice beasts
  A swamp drake (D:10)
  A black bear (D:5)
  An ogre (D:6)
  2 centaurs
  2 phantoms (D:4)
  A kobold brigand (D:8)
  2 gnoll sergeants
  2 necrophages
  A scorpion (D:5)
  4 killer bees
  2 howler monkeys (D:8)
  2 electric eels (D:11)
  A crimson imp (D:10)
  A jelly (D:6)
  6 orc priests
  A gnoll bouda (D:9)
  A hound (D:4)
  Crazy Yiuf (D:3)
  3 iguanas
  An iron imp (D:10)
  Ijyb (D:3)
  11 orc wizards
  3 adders
  15 gnolls
  5 shadow imps
  4 white imps
  5 ufetubi (D:5)
  A worm (D:2)
  A dart slug (D:1)
  33 orcs
  4 endoplasms
  5 giant cockroaches
  5 goblins
  3 hobgoblins
  3 jackals (D:3)
  5 quokkas
  7 ball pythons
  5 bats
  A frilled lizard (D:1)
  8 kobolds
  6 rats
  A spectral hobgoblin (D:1)
209 creatures vanquished.

Vanquished Creatures (collateral kills)
  A deep elf zephyrmancer (D:9)
  A yak (D:11)
  A steam dragon (D:8)
  An acid dragon (D:9)
  A centaur (D:9)
  An ogre (D:4)
  A bullfrog (D:9)
  A necrophage (D:7)
  A killer bee (D:8)
  A howler monkey (D:8)
  An orc priest (D:8)
  A hound (D:7)
  5 orc wizards
  2 gnolls (D:9)
  An adder (D:6)
  6 orcs
  An endoplasm (D:3)
  2 giant cockroaches
  4 frilled lizards
  A goblin (D:4)
  A kobold (D:8)
  A rat (D:2)
36 creatures vanquished.

Vanquished Creatures (others)
  A two-headed ogre (D:9)
  A hornet zombie (D:9)
  2 water moccasin zombies
  A yak zombie (D:9)
  A howler monkey (D:9)
  A centaur zombie (D:9)
  A hound (D:7)
  A killer bee zombie (D:9)
  2 howler monkey zombies
  3 adder zombies
  14 orc zombies
  A spectral iron imp (D:10)
  2 spectral white imps
  2 bat zombies
  2 giant cockroach zombies (D:4)
  5 gnoll zombies
  A goblin zombie (D:4)
  A kobold zombie (D:4)
  7 demonic plants (D:5)
  A plant (D:9)
50 creatures vanquished.

Grand Total: 295 creatures vanquished

Notes
Turn   | Place    | Note
-------+----------+-------------------------------------------
     0 | D:1      | jfcaron the Minotaur Fighter began the quest for the Orb.
     0 | D:1      | Reached XP level 1. HP: 19/19 MP: 0/0
    67 | D:1      | Found a faded altar of an unknown god.
    75 | D:1      | Prayed at the altar of an unknown god.
    75 | D:1      | Became a worshipper of Yredelemnul the Dark
    75 | D:1      | Reached * piety under Yredelemnul
   165 | D:1      | Reached XP level 2. HP: 27/27 MP: 1/1
   234 | D:1      | Reached ** piety under Yredelemnul
   245 | D:1      | Reached skill level 3 in Axes
   817 | D:2      | Found Koupnauj's Armour Boutique.
   823 | D:2      | Reached XP level 3. HP: 33/33 MP: 2/2
  1382 | D:3      | Found a runed translucent door.
  1383 | D:3      | Noticed Crazy Yiuf
  1410 | D:3      | Noticed Ijyb
  1414 | D:3      | Killed Ijyb
  1415 | D:3      | Reached XP level 4. HP: 29/40 MP: 3/3
  1494 | D:3      | Found a blossoming altar of Fedhas.
  1610 | D:3      | Reached skill level 4 in Axes
  1769 | D:3      | Found an opulent altar of Gozag.
  2168 | D:3      | Found a hazy altar of Hepliaklqana.
  2239 | D:3      | Killed Crazy Yiuf
  2240 | D:3      | Reached XP level 5. HP: 47/47 MP: 4/4
  2340 | D:4      | Noticed an ice beast
  2345 | D:4      | Noticed a phantom
  2349 | D:4      | Killed an ice beast
  2350 | D:4      | Reached skill level 5 in Axes
  2351 | D:4      | Reached XP level 6. HP: 54/55 MP: 5/5
  2357 | D:4      | Reached skill level 5 in Fighting
  2357 | D:4      | Reached skill level 5 in Shields
  2361 | D:4      | Reached skill level 5 in Armour
  2633 | D:4      | Found a staircase to the Ecumenical Temple.
  2686 | D:4      | Reached skill level 6 in Axes
  2712 | D:4      | Reached XP level 7. HP: 59/61 MP: 6/6
  2815 | D:4      | Found a radiant altar of Vehumet.
  2854 | D:5      | Entered Level 5 of the Dungeon
  3022 | D:5      | Reached skill level 7 in Axes
  3121 | D:5      | Found a broken altar of Ashenzari.
  3132 | D:5      | Found a stormy altar of Qazlal.
  3397 | D:5      | Reached XP level 8. HP: 65/70 MP: 7/7
  3844 | D:6      | Reached skill level 1 in Invocations
  4160 | D:6      | Reached skill level 8 in Axes
  4493 | D:6      | Found a bloodstained altar of Trog.
  4645 | D:7      | Identified the ring of Offew {rPois Will- Dex+4 Slay+4
                  | SInv}
  4757 | D:7      | Noticed a troll
  4765 | D:7      | Killed a troll
  4766 | D:7      | Reached skill level 9 in Axes
  4766 | D:7      | Reached XP level 9. HP: 32/79 MP: 7/10
  5667 | D:8      | Reached *** piety under Yredelemnul
  5743 | D:8      | Noticed Maurice
  5752 | D:8      | Killed Maurice
  5753 | D:8      | Reached skill level 10 in Axes
  6549 | D:9      | Found an ornate altar of the Wu Jian Council.
  6586 | D:9      | Noticed a two-headed ogre
  6870 | D:9      | Found a staircase to the Lair.
  6885 | D:9      | Found a snail-covered altar of Cheibriados.
  6885 | D:9      | Noticed a two-headed ogre
  6891 | D:9      | Reached XP level 10. HP: 43/88 MP: 12/12
  6923 | D:9      | Reached skill level 11 in Axes
  7205 | D:9      | Found an ancient bone altar of Kikubaaqudgha.
  7205 | D:9      | Found a glowing golden altar of the Shining One.
  7208 | D:9      | Found a burning altar of Makhleb.
  7222 | D:9      | Found a glowing silver altar of Zin.
  7387 | D:9      | Reached **** piety under Yredelemnul
  7461 | D:9      | Reached ***** piety under Yredelemnul
  7476 | D:9      | Reached skill level 5 in Invocations
  7535 | D:9      | Killed a two-headed ogre
  7645 | D:9      | Noticed a deep elf zephyrmancer
  7648 | D:9      | Killed a deep elf zephyrmancer
  7649 | D:9      | Reached skill level 12 in Axes
  7830 | D:10     | Entered Level 10 of the Dungeon
  8435 | D:10     | Reached XP level 11. HP: 88/97 MP: 14/14
  9068 | D:10     | Noticed a deep elf pyromancer
  9076 | D:10     | Killed a deep elf pyromancer
  9078 | D:10     | Noticed a deep elf pyromancer
  9481 | D:10     | Killed a deep elf pyromancer
 10142 | D:11     | Killed from afar by an electric eel

Illustrated notes

Levels and vault maps discovered:
D:1:      mrwooster_arrival_statue_2, layout_rooms,
          dreamdust_ecumenical_altar_drowned_temple
D:2:      layout_basic, serial_shops, nicolae_shop_crystal
D:3:      layout_rooms, old_standard_altar, nicolae_hepliaklqana_hippocampus,
          grunt_gozag_statues, nicolae_underground_beach, uniq_ijyb,
          uniq_crazy_yiuf_cottage
D:4:      layout_cave_pools, mainiacjoe_overflow_alcove_2, temple_green,
          serial_column_ruins, column_ruins_grid_1, column_ruins_grid_1,
          column_ruins_corridor_dead_end, column_ruins_open_small,
          column_ruins_open_tiny
D:5:      layout_rooms, mainiacjoe_overflow_surrounded_room,
          amcnicky_altar_gilded, serial_demonic, serial_demonic_f,
          serial_demonic_c, serial_demonic_b, serial_demonic_c,
          serial_demonic_g, serial_demonic_e, serial_demonic_f, serial_demonic_b
D:6:      layout_basic, nicolae_overflow_hidden_temple,
          eino_small_chamber_without_monster, dk_rats_in_the_wall
D:7:      layout_rooms, minmay_starry_boxes
D:8:      layout_basic, uniq_maurice
D:9:      minmay_recursive_quarters, layout_rooms, nzn_wu_jian_contemplation,
          nicolae_overflow_quartered_altars, cheibriados_altar_1,
          guppyfry_early_elven_hall
D:10:     layout_irregular_city, hangedman_minor_magic
D:11:     layout_basic, kennysheep_island_fort

Skill      XL: |  1  2  3  4  5  6  7  8  9 10 11 |
---------------+----------------------------------+-----
Axes           | 3 4 5 6 7 9 10 12 | 12.9
Armour         | 4 5 6 7 8 9 |  9.7
Fighting       | 4 5 6 7 8 9 |  9.8
Shields        | 4 5 6 7 8 9 |  9.7
Invocations    | 2 4 5 6 |  6.1

Action                   |  1- 3 |  4- 6 |  7- 9 | 10-12 || total
-------------------------+-------+-------+-------+-------++-------
Melee: War axe           |    54 |    99 |   194 |   206 ||   553
       Headbutt          |     6 |    15 |    33 |    49 ||   103
Invok: Dark Bargain      |       |       |     1 |     1 ||     2
       Recall Undead Har |       |       |     1 |     1 ||     2
Evoke: Wand              |       |       |    13 |     8 ||    21
  Use: Potion            |     1 |       |     1 |       ||     2
       Scroll            |       |       |     5 |     2 ||     7
 Stab: Distracted        |       |     2 |     5 |     3 ||    10
       Invisible         |       |       |       |     3 ||     3
Armor: Scale mail        |    14 |       |       |       ||    14
       Chain mail        |     6 |    57 |    99 |       ||   162
       Plate armour      |       |       |    40 |   116 ||   156
Dodge: Dodged            |    26 |    34 |    74 |    54 ||   188
Block: Buckler           |     9 |    25 |    72 |    54 ||   160
